 Dungeon Crawl Stone Soup version 0.31-a0-640-g39d97e502b (webtiles) character file.

Game seed: 4266026718723306156

161 senseless the Ruffian (level 5, -2/35 HPs)
             Began as an Octopode Shapeshifter on Aug 28, 2023.
             Was a Believer of Ru.
             Slain by a sky beast (6 damage)
             ... on level 4 of the Dungeon.
             The game lasted 00:04:13 (2195 turns).

senseless the Ruffian (Octopode Shapeshifter)       Turns: 2195, Time: 00:04:14

Health: -2/35      AC:  1    Str: 15    XL:     5   Next: 42%
Magic:  5/5        EV: 13    Int: 13    God:    Ru [**....]
Gold:   227        SH:  0    Dex: 11    Spells: 4/4 levels left

rFire   . .          .
                       - Unarmed
rCold   . . .        (helmet currently unavailable)
rNeg    . . .        f - amulet of magic regeneration
rPois   .            (no ring)
rElec   .            (no ring)
rCorr   .            (no ring)
SInv    .            (no ring)
Will    .....        (no ring)
Stlth   ++           (no ring)
HPRegen 0.25/turn    (no ring)
MPRegen 0.49/turn

%: no passive effects
@: beast-form
A: beast (slay +2), almost no armour, amphibious, 7 rings, camouflage 1,
gelatinous body 1, missing a hand, (nimble swimmer 1), tentacles
a: Begin Untransformation, Renounce Religion


You were on level 4 of the Dungeon.
You worshipped Ru.
Ru was pleased with you.
You were a hulking beast.
You visited 1 branch of the dungeon, and saw 4 of its levels.

You collected 227 gold pieces.

Inventory:

Missiles
 o - 4 poisoned darts (quivered)
Jewellery
 f - an amulet of magic regeneration (around mantle)
 i - a ring of see invisible
Talismans
 b - a beast talisman (active)
 c - a flux talisman
Scrolls
 d - 4 scrolls of identify {unknown}
 g - 3 scrolls of blinking {unknown}
 j - a scroll of enchant armour {unknown}
 k - a scroll of teleportation {unknown}
 m - a scroll of revelation {unknown}
Potions
 a - a potion of lignification
 e - 2 potions of haste {unknown}
 h - 2 potions of might {unknown}
 l - a potion of ambrosia {unknown}
 n - a potion of curing {unknown}


   Skills:
 + Level 2.5 Fighting
 + Level 3.2 Dodging
 + Level 3.9 Unarmed Combat
 + Level 3.8 Shapeshifting


You had 4 spell levels left.
You didn't know any spells.
Your spell library was empty.

Dungeon Overview and Level Annotations

Branches:
Dungeon (4/15)
 Temple: D:4-7

Altars:
Ashenzari
Kikubaaqudgha
Makhleb
Qazlal
Ru
Yredelemnul


Innate Abilities, Weirdness & Mutations

You are a hulking beast.
Your limbs bulge with bestial killing power. (Slay +2)
You cannot wear most types of armour.
You are amphibious.
You can wear up to seven rings at the same time.
Your skin changes colour to match your surroundings (Stealth+).
Your rubbery body absorbs attacks. (AC +1, EV +1)
You are missing a hand.
((You are camouflaged when in or above water. (Stealth+)))
You have tentacles for arms and can constrict up to seven enemies at once.


Message History

You tentacle-slap the sky beast but do no damage.
The sky beast hits you. The sky beast shocks you.
You tentacle-slap the sky beast. Your squeeze misses the sky beast.
The sky beast is lightly wounded.
The sky beast barely misses you.
You closely miss the sky beast.
The sky beast is lightly wounded.
The sky beast flickers out of sight!
Deactivating autopickup; reactivate with Ctrl-A.
Something hits you. Something shocks you.
No target in view!
You tentacle-slap something.
A sky beast appears from thin air!
Reactivating autopickup.
The sky beast hits you. The sky beast shocks you.
You barely miss the sky beast.
The sky beast is moderately wounded.
The sky beast hits you but does no damage.
You barely miss the sky beast.
The sky beast is moderately wounded.
The sky beast closely misses you.
You closely miss the sky beast.
The sky beast is moderately wounded.
The sky beast misses you.
You bludgeon the sky beast! Your squeeze misses the sky beast.
The sky beast is heavily wounded.
The sky beast hits you. The sky beast shocks you.
* * * LOW HITPOINT WARNING * * *
You tentacle-slap the sky beast but do no damage.
You squeeze the sky beast, but do no damage.
The sky beast is heavily wounded.
The sky beast closely misses you.
You tentacle-slap the sky beast.
The sky beast is severely wounded.
You tentacle-slap the sky beast but do no damage.
Your squeeze misses the sky beast.
The sky beast is severely wounded.
The sky beast hits you.
* * * LOW HITPOINT WARNING * * *
The sky beast shocks you.
You die...

.........##.##.#
......##.......#
##.....###.####
###.#.#.###.#
............#
###.#.#.#####
#.....#
#..#########.###
#....Yh......#
#...#..#######
... ##.# # ..#
..## ###


You could see a sky beast.

Vanquished Creatures
  A scorpion (D:3)
  4 adders (D:2)
  A worm (D:2)
  3 dart slugs
  4 orcs (D:3)
  3 endoplasms
  A giant cockroach (D:2)
  7 goblins
  9 hobgoblins
  A jackal (D:2)
  2 quokkas (D:3)
  A ball python (D:2)
  7 bats
  3 frilled lizards
  4 kobolds
  4 rats
55 creatures vanquished.

Notes
Turn   | Place    | Note
-------+----------+-------------------------------------------
     0 | D:1      | senseless the Octopode Shapeshifter began the quest for the
                  | Orb.
     0 | D:1      | Reached XP level 1. HP: 13/13 MP: 1/1
   389 | D:1      | Reached XP level 2. HP: 18/18 MP: 2/2
   711 | D:2      | Reached XP level 3. HP: 10/23 MP: 3/3
  1035 | D:2      | Identified the +0 robe of the Ancient Seers {Harm Archmagi}
  1109 | D:2      | Reached XP level 4. HP: 27/29 MP: 4/4
  1305 | D:2      | Found a faded altar of an unknown god.
  1314 | D:2      | Prayed at the altar of an unknown god.
  1314 | D:2      | Became a worshipper of Ru the Awakened
  1316 | D:2      | Gained mutation: You are missing a hand. [Ru sacrifice]
  1316 | D:2      | Reached * piety under Ru
  1316 | D:2      | Reached ** piety under Ru
  1712 | D:3      | Noticed a scorpion
  1718 | D:3      | Killed a scorpion
  1719 | D:3      | Reached XP level 5. HP: 22/35 MP: 5/5
  1839 | D:3      | Found a broken altar of Ashenzari.
  1839 | D:3      | Found an ancient bone altar of Kikubaaqudgha.
  1844 | D:3      | Found a stormy altar of Qazlal.
  1847 | D:3      | Found a sacrificial altar of Ru.
  1849 | D:3      | Found a basalt altar of Yredelemnul.
  1854 | D:3      | Found a burning altar of Makhleb.
  2181 | D:4      | Noticed a sky beast
  2195 | D:4      | Slain by a sky beast

Illustrated notes

Levels and vault maps discovered:
D:1:      amcnicky_arrival_choice, layout_loops_cross, minivault_14
D:2:      minmay_diamond_boxcup, layout_loops_ring,
          hellmonk_ecumenical_altar_zigzags, minmay_goblin_kobold_house
D:3:      layout_rooms, nicolae_overflow_hallway_of_the_gods
D:4:      layout_loops_ring, minitemple

Skill      XL: |  1  2  3  4 |
---------------+-------------+-----
Fighting       | 2 |  2.5
Dodging        | 3 |  3.2
Unarmed Combat | |  3.9
Shapeshifting  | |  3.8

Action                     |  1- 3 |  4- 6 || total
---------------------------+-------+-------++-------
  Melee: Unarmed           |    57 |    65 ||   122
         Constrict         |    14 |    11 ||    25
         Tentacles         |     8 |    10 ||    18
         Punch             |     2 |     2 ||     4
 Invoke: Sacrifice a Hand  |       |     1 ||     1
   Stab: Sleeping          |     5 |     1 ||     6
 Armour: Skin              |     7 |     5 ||    12
  Dodge: Dodged            |    29 |    31 ||    60

Table legend: (Time is in decaauts)
 A = Elapsed time spent in this place.
 B = Non-inter-level travel time spent in this place.
 C = Inter-level travel time spent in this place.
 D = Time resting spent in this place.
 E = Time spent auto-exploring this place.
 F = Levels seen in this place.
 G = Mean time per level.
                   A        B        C        D        E       F      G
               +--------+--------+--------+--------+--------+-----+--------+
         Total |   2186 |   2131 |     55 |     50 |   1742 |   4 |  546.5 |
       Dungeon |   2186 |   2131 |     55 |     50 |   1742 |   4 |  546.5 |
               +--------+--------+--------+--------+--------+-----+--------+

Top non-repeatable levels by time:
     D:2: 1002 daAuts
     D:1: 595 daAuts
     D:3: 542 daAuts
     D:4: 45 daAuts
